 Dungeon Crawl Stone Soup version 0.18-a0-1576-g2b87869 (webtiles) character file.

184 Banto the Firebug (level 5, 0/38 HPs)
             Began as a Demigod Wanderer on Mar 17, 2016.
             Slain by trgk's ghost (14 damage)
             ... on level 4 of the Dungeon.
             The game lasted 00:06:21 (3513 turns).

Banto the Firebug (Demigod Wanderer)                Turns: 3513, Time: 00:06:21

Health: 0/38       AC:  3    Str: 14    XL:     5   Next: 14%
Magic:  10/10      EV: 12    Int: 19    God:
Gold:   113        SH:  0    Dex: 15    Spells: 3 memorised, 2 levels left

rFire  . . .     SeeInvis +     j - +3 dagger (venom)
rCold  . . .     Gourm    +     d - +0 robe
rNeg   . . .     Faith    .     (no shield)
rPois  .         Spirit   .     q - +0 helmet
rElec  .         Dismiss  .     (no cloak)
rCorr  .         Reflect  .     (no gloves)
SustAt +         Harm     .     (no boots)
MR     .....                    l - amulet of the gourmand
Stlth  ++........               (no ring)
                                m - ring of see invisible

@: not resistant to hostile enchantments, unstealthy
A: high mp 1, sustain attributes
a: no special abilities


You were on level 4 of the Dungeon.
You were full.

You visited 1 branch of the dungeon, and saw 4 of its levels.

You collected 113 gold pieces.

Inventory:

Hand Weapons
 j - a +3 dagger of venom (weapon)
Armour
 d - a +0 robe (worn)
 q - a +0 helmet (worn)
 s - a +1 leather armour of fire resistance
Jewellery
 l - an amulet of the gourmand (around neck)
 m - a ring of see invisible (left hand)
Scrolls
 g - 3 scrolls of identify {unknown}
 p - 2 scrolls of remove curse
Potions
 c - a potion of curing
 e - a potion of brilliance {unknown}
 i - a potion of invisibility
 n - 3 potions of flight
 r - a potion of mutation {unknown}
Books
 a - a book of Flames

   Spells                             Type                      Level
   a - Flame Tongue                   Conjuration/Fire             1
   b - Throw Flame                    Conjuration/Fire             2
   c - Conjure Flame                  Conjuration/Fire             3
   d - Inner Flame                    Hexes/Fire                   3
   e - Sticky Flame                   Conjuration/Fire             4
   f - Fireball                       Conjuration/Fire             5
Comestibles
 b - a slice of pizza
 f - a bread ration
 h - 2 meat rations
 k - 9 fruits
 o - a beef jerky


   Skills:
 - Level 1.0 Dodging
 - Level 1.0 Stealth
 - Level 2.6 Unarmed Combat
 - Level 2.0 Spellcasting
 + Level 1.0 Conjurations
 * Level 4.2 Fire Magic
   Level 1.0 Air Magic
   Level 1.7 Evocations


You had 2 spell levels left.
You knew the following spells:

 Your Spells              Type           Power        Failure   Level  Hunger
a - Flame Tongue          Conj/Fire      ##...        8%          1    #......
b - Throw Flame           Conj/Fire      ##....       10%         2    ###....
c - Conjure Flame         Conj/Fire      ##......     17%         3    ###....


Dungeon Overview and Level Annotations

Branches:
Dungeon (4/15)
 Temple: D:4-7

Annotations:
D:4 trgk's ghost, amateur TrMo


Innate Abilities, Weirdness & Mutations

You have an increased reservoir of magic (+10% MP).
Your attributes are resistant to harm.


Message History

Trgk's ghost is severely damaged.
Trgk's ghost hits you!
Trgk's ghost flexes its fingers.
Casting: Flame Tongue
Confirm with . or Enter, or press ? or * to list all spells.
Aiming: Flame Tongue
Press: ? - help, Shift-Dir - straight line, f/p - trgk's ghost
Aim: trgk's ghost (severely damaged)
The flame tongue hits trgk's ghost.
Trgk's ghost appears unharmed.
Trgk's ghost is severely damaged.
Trgk's ghost hits you!
* * * LOW HITPOINT WARNING * * *
Trgk's ghost whispers, "Death is liberation."
There is an open door here.
There is an open door here.
There is an open door here.
There is an open door here.
There is an open door here.
Trgk's ghost hits you!
You die...

#........#.....# #....
#........#.....# #....
#........#.....# #....
#........#.....# #....
#........'.....# #....
#........#.....# #....
###....##...).#####....
##...W#............##'
#....@#............#..
#.....#............#..
#.....'............#..
#.....#............'..
####+##............#..
.........########'#
.........#......#..
.........'......#..
.........#......'..


You could see trgk's ghost.

Vanquished Creatures
  An orc priest (D:4)
  A worker ant (D:4)
  A gnoll (D:1)
  4 adders
  3 oozes
  A worm (D:1)
  2 dart slugs
  A giant gecko (D:2)
  4 orcs
  5 bats
  2 giant cockroaches
  7 goblins
  10 hobgoblins
  4 jackals (D:3)
  A quokka (D:4)
  2 giant newts (D:2)
  11 kobolds
  4 rats
64 creatures vanquished.

Notes
Turn   | Place    | Note
--------------------------------------------------------------
     0 | D:1      | Banto the Demigod Wanderer began the quest for the Orb.
     0 | D:1      | Banto set off with: a book of Flames, a potion of lignification, a potion of curing, a +0 robe, a +0 dagger, a bread ration
     0 | D:1      | Reached XP level 1. HP: 14/14 MP: 4/4
   375 | D:1      | Learned a level 1 spell: Flame Tongue
   483 | D:1      | Reached skill level 1 in Spellcasting
   495 | D:1      | Reached skill level 2 in Fire Magic
   512 | D:1      | Reached XP level 2. HP: 14/20 MP: 0/6
  1142 | D:1      | Reached XP level 3. HP: 10/26 MP: 7/7
  1735 | D:2      | Reached skill level 3 in Fire Magic
  1822 | D:2      | Found a snail-covered altar of Cheibriados.
  1911 | D:2      | Found a glowing golden altar of the Shining One.
  2027 | D:2      | Found a shadowy altar of Dithmenos.
  2174 | D:3      | Found a burning altar of Makhleb.
  2186 | D:3      | Reached XP level 4. HP: 24/33 MP: 4/9
  2548 | D:3      | Found a stormy altar of Qazlal.
  3045 | D:4      | Noticed trgk's ghost (amateur TrMo)
  3067 | D:3      | Learned a level 2 spell: Throw Flame
  3071 | D:3      | Learned a level 3 spell: Conjure Flame
  3194 | D:3      | Reached skill level 4 in Fire Magic
  3264 | D:4      | Reached skill level 1 in Conjurations
  3264 | D:4      | Reached XP level 5. HP: 32/38 MP: 3/10
  3513 | D:4      | Slain by trgk's ghost

Vault maps used:
D:1:      dpeg_arrival_rooms_b
D:2:      nicolae_overflow_hidden_temple, lemuel_coloured_pillars_altar,
          minmay_misc_feat_chi, cheibriados_altar_1
D:3:      nicolae_overflow_crystal_walls, grunt_qazlal_clouds
D:4:      gammafunk_temple_overflow_statue,
          grunt_temple_overflow_gold_and_silver, first_bread

Skill      XL: |  1  2  3  4 |
---------------+-------------+-----
Spellcasting   | 1 2 |  2.0
Fire Magic     | 2 3 4 |  4.2
Conjurations   | 1 |  1.0
Dodging        | |  1.0
Stealth        | |  1.0
Unarmed Combat | |  2.6
Air Magic      | |  1.0
Evocations     | |  1.7

Action                   |  1- 3 |  4- 6 || total
-------------------------+-------+-------++-------
Melee: Dagger            |   105 |    34 ||   139
 Cast: Flame Tongue      |    44 |    44 ||    88
       Conjure Flame     |       |     2 ||     2
  Use: Potion            |     1 |     4 ||     5
       Scroll            |     3 |       ||     3
 Stab: Sleeping          |     1 |     1 ||     2
  Eat: Chunk             |     6 |    11 ||    17
